[Event "FIDE Candidates 2026"]
[White "Nakamura,Hikaru"]
[Black "Esipenko,Andrey"]
[Site "Agios Georgios Pegeia"]
[Round "9.4"]
[Annotator "TA"]
[Result "1/2-1/2"]
[Date "2026.04.08"]
[WhiteElo "2810"]
[BlackElo "2698"]
[PlyCount "182"]
[TimeControl "60"]

1. c4 e6 2. Nc3 d5 3. d4 Be7 4. Nf3 Nf6 5. Bg5 O-O 6. e3 c5 7. cxd5 Nxd5 {[%emt 0:0:15] D55: Queen's Gambit Declined: 4 Bg5 Be7: Lines without ...h6 and 6...h6 7 Bxf6.} 8. Bxe7 Qxe7 9. Nxd5 exd5 {[%emt 0:0:2] White has an edge.} 10. dxc5 Qxc5 11. Be2 Nc6 12. O-O Qb6 13. Qd2 Rd8 $146 ({Predecessor:} 13... Be6 14. Rfd1 Rac8 15. h3 Rc7 16. b3 Rfc8 17. Rac1 a5 18. Ng5 Nb4 19. Rxc7 Rxc7 {1-0 Ulko,J (2476)-Golovanov,V (1966) Moscow Victory Day op 2011 (1)} )14. Rfd1 Bg4 15. h3 Bxf3 16. Bxf3 d4 17. Bxc6 dxe3 18. Qxe3 bxc6 19. Qc3 h6 20. Rac1 c5 21. b3 (21. Qxc5 $2 Rxd1+ 22. Kh2 Rxc1 23. Qxc1 Qxf2 $19 )Qa6 22. Rd2 Rxd2 23. Qxd2 $14 {[%emt 0:0:24][%mdl 4096] Endgame KQR-KQR} Qb6 24. Qe3 Rc8 25. Rc4 a5 (25... Qg6 $14 {should be considered.} )26. g3 (26. a3 $16 )h5 27. h4 g6 28. Qc3 Kh7 29. Qe5 Qc7 30. Qe3 {[%emt 0:1:36] White is much more active.} Qd6 31. Kh2 Kg8 32. Qc3 Qb6 33. Qc2 Kg7 {[%emt 0:0:51] [#]} (33... Rc6 $14 )34. Qe2 (34. a3 $1 $16 )Kg8 35. Qe3 (35. Qe1 $14 )Kg7 (35... Qd6 $11 )36. Ra4 Kg8 37. Re4 Kg7 38. Rf4 Qc7 39. Ra4 Kg8 {[%emt 0:0:18] [#]} 40. Qc3 $1 Qb6 41. Rxa5 ({White should try} 41. Qxa5 Qxa5 42. Rxa5 )c4 42. Kg1 ({And not} 42. bxc4 Qxf2+ 43. Kh3 Kh7 $19 )Qc6 (42... Rd8 $16 {was called for.} 43. bxc4 Rd1+ 44. Kg2 Qb7+ 45. f3 (45. Qf3 $2 Rg1+ 46. Kxg1 Qxf3 $19 )Rb1 )43. Re5 (43. Qxc4 $18 Qxc4 44. bxc4 Rxc4 45. Ra3 )cxb3 $11 {[%emt 0:4:17] The position is equal.} 44. Qxc6 Rxc6 45. axb3 {[%emt 0:0:3] KR-KR. White is a pawn up.} Rb6 46. Re3 f6 47. f4 Kf7 48. Kf2 g5 49. fxg5 fxg5 50. hxg5 Kg6 51. Ke2 Kxg5 52. Kd2 Rb8 $1 53. Kc3 Rc8+ 54. Kb2 {[%emt 0:2:8] and b4 would now be decisive} Rb8 55. Re7 Kg4 56. Rg7+ Kf5 $1 57. Ka2 Ra8+ 58. Kb1 Rc8 59. Kb2 Rb8 60. Rd7 Kg4 61. Rd5 Rh8 62. Rd3 Rb8 63. Kc3 Rc8+ 64. Kd2 Rb8 65. Ke2 Rb4 66. Rc3 Rb8 67. Kf2 Kg5 68. Rd3 Rb7 69. Kf3 Rb8 70. Ke4 Kg4 71. Rc3 Re8+ 72. Kd5 Rd8+ 73. Ke5 Rb8 74. Kd6 Kh3 75. Kd5 Kg4 76. Re3 Kh3 77. Kc4 Rc8+ 78. Kd3 Rb8 79. Kc3 (79. Kc4 $5 Rc8+ $8 80. Kd3 $11 )Rc8+ 80. Kb2 Rb8 81. Re5 Kg4 $1 82. Rc5 Rh8 83. Rc3 Rb8 84. Rd3 Kh3 85. Kc3 Rc8+ $1 86. Kd2 Rb8 87. Ke2 Kg4 88. Kf2 Kg5 89. Kg2 Rb7 90. Kf3 Rb8 91. Rc3 Rf8+ {[%emt 0:1:5] Weighted Error Value: White=0.12 (very precise) /Black=0.11 (very precise)   Mistake:       	White=5     	Black=4      Inaccurate:     	White=2     	Black=4      OK:         	White=26    	Black=25     Best:        	---       	Black=6      Strong:       	White=1     	Black=4} 1/2-1/2

[Event "FIDE Candidates 2026"]
[White "Sindarov,Javokhir"]
[Black "Praggnanandhaa R"]
[Site "Agios Georgios Pegeia"]
[Round "10.1"]
[Annotator "TA"]
[Result "1-0"]
[Date "2026.04.09"]
[WhiteElo "2745"]
[BlackElo "2741"]
[PlyCount "105"]
[TimeControl "60"]

1. d4 Nf6 2. c4 e6 3. Nf3 d5 4. Nc3 Nbd7 5. Bf4 Bb4 6. cxd5 exd5 7. e3 Ne4 {[%emt 0:0:50] D35: Queen's Gambit Declined: Exchange Variation.} 8. Qc2 g5 9. Bg3 h5 {[%emt 0:1:22] The position is equal.} 10. Bd3 h4 11. Bxe4 dxe4 12. Qxe4+ Kf8 13. Be5 f6 14. Nxg5 (14. d5 $2 Qe7 15. O-O-O (15. d6 $2 Bxc3+ 16. bxc3 cxd6 $19 )Nxe5 $19 (15... fxe5 $2 16. Nxg5 Nf6 17. Qd3 $19 ))Bxc3+ {[%emt 0:1:40] Black sacrificed a pawn} 15. bxc3 Nxe5 16. dxe5 fxg5 17. f4 $40 {[%emt 0:0:15][%mdl 128] White is up to no good.} h3 18. Rd1 $5 $146 {[%emt 0:11:31][%mdl 8] An interesting novelty.} ({Predecessor:} 18. g3 Qd7 19. f5 Qc6 20. Qxc6 bxc6 21. Ke2 Ke7 22. e4 Ba6+ 23. Kf3 {0-1 Schulenberg,H (2174)-Luca,A (2203) Mostert mem WS op-4 email 2006} )Qe7 19. g3 {[%emt 0:5:9] [#]} gxf4 20. O-O Rh6 {[%emt 0:5:53] Prevents Qg6} 21. Rxf4+ Kg8 (21... Kg7 $1 $11 )22. Rdf1 $14 Bd7 {[%emt 0:0:20] White stays focused until the end.} ({Better is} 22... Be6 $14 23. Rf6 Qh7 (23... Rxf6 24. Rxf6 Qh7 25. Qxh7+ Kxh7 26. Rxe6 $18 )24. Qxh7+ Kxh7 25. Rxh6+ Kxh6 26. Rf6+ Kg5 27. Rxe6 Rd8 )23. Rf7 $18 Qxf7 24. Rxf7 {[%emt 0:0:27] White attacks} Kxf7 25. Qf4+ Kg7 {[%emt 0:1:22][%cal Bf7g7,Bg7h7,Bh7g8,Bg8h8][%mdl 32] [#] Threatens to win with ...Rf8.} 26. Qg5+ Kh7 27. Qe7+ Kg8 28. Qxd7 {[%emt 0:0:9][%mdl 4096] Endgame KQ-KRR} Rf8 {[%emt 0:0:47] Prevents e6} 29. Qg4+ ({Stronger than} 29. Qxc7 Rb6 30. Qc4+ Rf7 $11 )Kh8 30. a4 a5 (30... b6 31. Qd7 Rh7 )31. Qg5 Rh7 32. e6 Re8 33. Qxa5 b6 34. Qe5+ Kg8 35. Qg5+ Rg7 36. Qf5 Rge7 37. Qg4+ (37. Qxh3 Rxe6 (37... Ra8 $2 38. Qg4+ Rg7 39. Qh5 $18 )38. Qg4+ Kh8 39. Qh5+ Kg7 )Kf8 38. Qxh3 Rxe6 39. Kf2 (39. Qh8+ Ke7 40. Qd4 Rd6 $14 )R8e7 40. Qh8+ Kf7 41. g4 Re4 42. Qh5+ Kg7 43. Qg5+ Kf7 44. Kf3 {[%emt 0:4:34] Hoping for Qf5+.} Rxa4 45. h4 Ra5 46. Qh6 Rae5 47. Qh7+ Kf8 (47... Ke8 {was worth a try.} 48. Qg8+ Kd7 )48. Qh8+ Kf7 49. e4 {[%emt 0:0:30] White is clearly winning.} b5 50. h5 c5 (50... Rg5 $142 51. Kf4 Rg8 52. Qh7+ Rg7 53. Qf5+ Kg8 )51. h6 Rg5 52. Qd8 Rg8 53. Qd5+ {[%emt 0:0:5] Weighted Error Value: White=0.23 (precise) /Black=0.49   Mistake:       	---       	Black=5      Inaccurate:     	White=3     	Black=2      OK:         	White=2     	Black=3      Best:        	---       	Black=1} 1-0

[Event "FIDE Candidates 2026"]
[White "Giri,Anish"]
[Black "Nakamura,Hikaru"]
[Site "Agios Georgios Pegeia"]
[Round "10.2"]
[Annotator "TA"]
[Result "1/2-1/2"]
[Date "2026.04.09"]
[WhiteElo "2753"]
[BlackElo "2810"]
[PlyCount "72"]
[TimeControl "60"]

1. c4 e6 2. Nc3 d5 3. d4 h6 4. cxd5 exd5 5. Bf4 c6 6. e3 {[%emt 0:0:5] D31: Queen's Gambit Declined: Semi-Slav without ...Nf6 (+ Marshall Gambit and Noteboom) and Exchange Variation lines without ...Nf6.} Bd6 7. Nge2 $146 ({Predecessor:} 7. Bg3 Nf6 8. Bd3 O-O 9. Nge2 Re8 10. Qc2 Bg4 11. Nf4 Nh5 12. Nxh5 Bxh5 13. Qb3 {1-0 Sevian,S (2694)-Svane,R (2625) Titled Tuesday intern op 08th Apr Late blitz 2025 (5)} )Na6 8. Bxd6 {[%emt 0:4:49] White has an edge.} Qxd6 9. Ng3 Nc7 10. Bd3 Nf6 11. h3 Bd7 {[%emt 0:1:7] The position is equal.} 12. Qb3 b6 13. O-O O-O 14. Rad1 Rfe8 15. Rfe1 Rad8 16. Bb1 Ne6 17. e4 dxe4 18. Ncxe4 Nxe4 19. Nxe4 Qb8 20. Qc2 Nf8 21. Re3 {[%emt 0:3:49][%cal Oe4f6] [#] Strongly threatening Nf6+!.} Kh8 22. a3 Re7 23. Nc5 Rxe3 24. Nxd7 Rxd7 25. fxe3 c5 26. dxc5 Rxd1+ 27. Qxd1 bxc5 $11 {[%emt 0:0:4][%mdl 4096] Endgame KQB-KQN} 28. Ba2 Qxb2 29. Bxf7 Qxa3 30. Qd6 Qxe3+ 31. Kh2 Nd7 32. Qxd7 Qe5+ 33. Kh1 {[%emt 0:0:9] [#]} (33. Kg1 $5 Qe1+ $8 34. Kh2 Qe5+ 35. Kg1 $11 )Qe1+ 34. Kh2 Qe5+ 35. Kh1 (35. Kg1 $5 Qe1+ $8 36. Kh2 Qe5+ $11 )Qe1+ 36. Kh2 {[%emt 0:0:1] Threatening mate with Qc8+.} Qe5+ {[%emt 0:0:6] A balanced but interesting game.   Weighted Error Value: White=0.03 (flawless) /Black=0.03 (flawless)   OK:         	White=7     	Black=7      Best:        	White=1     	Black=3} 1/2-1/2

[Event "FIDE Candidates 2026"]
[White "Esipenko,Andrey"]
[Black "Bluebaum,Matthias"]
[Site "Agios Georgios Pegeia"]
[Round "10.3"]
[Annotator "TA"]
[Result "1/2-1/2"]
[Date "2026.04.09"]
[WhiteElo "2698"]
[BlackElo "2698"]
[PlyCount "80"]
[TimeControl "60"]

1. e4 e5 2. Nf3 Nf6 3. Nxe5 d6 4. Nc4 Nxe4 5. Qe2 Qe7 6. d4 {[%emt 0:0:9] C42: Petroff Defence: 3 Nxe5 and unusual White 3rd moves.} Nc6 7. c3 d5 8. Ne3 Be6 9. Nd2 f5 10. Nxe4 fxe4 11. f3 $146 ({Predecessor:} 11. Qb5 Qd6 12. Qa4 Be7 13. Bb5 O-O 14. Bxc6 bxc6 15. b4 Qf4 16. Qc2 Qh4 17. Qe2 {½-½ Kroencke,M (2034)-Welsch,D (1794) Erfurt op Seniors 29th 2019 (2)} )exf3 12. Qxf3 O-O-O 13. Bd3 Qd7 14. O-O g6 15. Nc2 Bg7 16. Bg5 Rdf8 17. Qg3 Rxf1+ 18. Rxf1 Rf8 19. Qh4 Rxf1+ 20. Bxf1 Bf8 21. Ne3 Qf7 22. Qf2 Qxf2+ {[%emt 0:4:48] The position is equal.} 23. Kxf2 Nd8 24. Bd3 Nf7 25. Bf4 Kd7 26. h4 c5 27. Nc2 c4 28. Be2 Be7 29. g3 g5 30. hxg5 Nxg5 31. Ke3 Bf5 32. Ne1 a6 33. Nf3 Nxf3 34. Bxf3 $11 {[%emt 0:0:6][%mdl 4096] Endgame KBB-KBB} Ke6 35. a3 b5 36. Bc7 Bg5+ 37. Bf4 Be7 38. Bc7 Bg5+ 39. Bf4 Be7 40. Bc7 Bg5+ {[%emt 0:0:0] Not much happened in this game.   Weighted Error Value: White=0.02 (flawless) /Black=0.02 (flawless)   OK:         	White=11    	Black=12     Best:        	White=2     	---} 1/2-1/2

[Event "FIDE Candidates 2026"]
[White "Wei,Yi"]
[Black "Caruana,Fabiano"]
[Site "Agios Georgios Pegeia"]
[Round "10.4"]
[Annotator "TA"]
[Result "1/2-1/2"]
[Date "2026.04.09"]
[WhiteElo "2754"]
[BlackElo "2795"]
[PlyCount "78"]
[TimeControl "60"]

1. e4 e6 2. d4 d5 3. Nc3 Bb4 4. Nge2 Ne7 5. a3 Bxc3+ 6. Nxc3 Nbc6 {[%emt 0:0:3] C15: French: 3 Nc3 Bb4: Unusual White 4th moves.} 7. Bf4 dxe4 8. Qd2 e5 9. dxe5 Qxd2+ 10. Bxd2 Bf5 11. O-O-O O-O-O 12. Re1 Nxe5 13. Nxe4 f6 14. Ng3 Bg6 15. f4 $146 ({Predecessor:} 15. b4 Nf5 16. Nxf5 Bxf5 17. Bc3 Nc6 18. g4 Bg6 19. Bc4 Rhe8 20. Be6+ Kb8 21. f4 {1-0 Kolla,B (1966)-Bivor,A (2140) Bhubaneswar op 16th 2025 (6)} )N5c6 16. Bc4 Nd5 17. Rhf1 h5 18. f5 Bf7 19. Ne4 h4 20. g4 hxg3 21. hxg3 Ne5 22. Be2 Ne7 23. g4 Bd5 (23... Bc4 $5 )24. Nc5 N7c6 25. Bc3 {[%emt 0:4:18] Dodges Nd4} Rh2 26. Nd3 (26. Ne6 $14 Bxe6 27. fxe6 )Bc4 $11 27. Nxe5 Bxe2 28. Nxc6 bxc6 29. Rg1 Rd5 30. g5 Rxf5 31. gxf6 gxf6 32. Rg6 Bf3 33. Rxf6 Rxf6 34. Bxf6 Rh1 35. Rxh1 Bxh1 {[%emt 0:0:3] KB-KB} 36. Kb1 Bg2 37. Kc1 Bh1 38. Kb1 Bg2 39. Kc1 Bh1 {[%emt 0:0:9] Weighted Error Value: White=0.09 (flawless) /Black=0.07 (flawless)   Mistake:       	White=1     	---        Inaccurate:     	---       	Black=2      OK:         	White=7     	Black=6} 1/2-1/2

[Event "FIDE Candidates 2026"]
[White "Caruana,Fabiano"]
[Black "Sindarov,Javokhir"]
[Site "Agios Georgios Pegeia"]
[Round "11.1"]
[Annotator "TA"]
[Result "1/2-1/2"]
[Date "2026.04.11"]
[WhiteElo "2795"]
[BlackElo "2745"]
[PlyCount "115"]
[TimeControl "60"]

1. Nf3 d5 2. c4 e6 3. g3 Nf6 4. Bg2 Be7 5. O-O O-O 6. d4 dxc4 7. Ne5 Nc6 8. Bxc6 bxc6 9. Nxc6 Qe8 10. Nxe7+ Qxe7 11. Be3 {[%emt 0:0:26] E05: Open Catalan: 5 Nf3 Be7.} Nd5 12. Qc1 Rb8 13. Nc3 Nxe3 14. Qxe3 Rxb2 15. Rab1 $146 ({Predecessor:} 15. Rfb1 Rb6 16. Nd5 Rxb1+ 17. Rxb1 Qd6 18. Nc3 h6 19. Rb5 Rd8 20. Rc5 Bb7 21. f3 {0-1 Theodorou,N (2646)-Eljanov,P (2682) Bundesliga 2526 2025 (6.1)} )Rxb1 16. Rxb1 a6 17. f3 Bd7 18. Kf2 Bc6 19. d5 Bd7 20. Rb7 Qd6 21. Ne4 Qxd5 22. Rxc7 e5 23. Qc5 Be6 (23... Qxc5+ $11 24. Nxc5 Bc8 )24. Qxd5 $16 Bxd5 {[%emt 0:0:10][%mdl 4096] Endgame KRB-KRN. Black is a pawn up.} 25. Nc3 {[%emt 0:0:5] White is more active.} Be6 26. Rc5 f6 27. Rc6 Kf7 28. Rxa6 Rb8 29. Ra7+ Kg6 30. Re7 Rb6 31. g4 h5 32. gxh5+ Kh6 33. Ke1 Bf5 34. Rc7 Be6 (34... Ra6 $142 )35. Kd2 Rd6+ 36. Kc2 Rd7 37. Rc6 Bf7 38. a4 Ra7 39. Kb2 Kxh5 40. Ka3 Rb7 41. Nb5 Kg5 42. Rc5 Kf4 43. a5 Ke3 44. a6 Rb6 45. a7 Ra6+ 46. Kb4 Be8 {[%emt 0:0:9] Repels Rc6} 47. Rc7 (47. Rxc4 Bxb5 (47... Kxe2 48. Rc7 $16 )48. Re4+ Kf2 49. Kxb5 Rxa7 $19 )Kxe2 (47... Bxb5 $16 {was necessary.} 48. Kxb5 Ra1 )48. Nc3+ $2 {[%emt 0:0:55] [#]} (48. Rxc4 $2 {loses.} Bxb5 49. Kxb5 Rxa7 $19 )({Worse is} 48. Kxc4 Ra4+ 49. Kc5 Ra5 $14 (49... Kxf3 50. Nd6 $16 ))({Better is} 48. Rxg7 $18 Bxb5 49. Kxb5 )Kxf3 $11 49. Rxg7 e4 (49... f5 $11 )50. Re7 $14 f5 51. Rxe8 Rxa7 {[%emt 0:0:6] KRN-KR} 52. Rf8 Rh7 53. Rxf5+ Kg2 54. Nxe4 Kxh2 55. Nf6 Rc7 56. Rc5 (56. Nd5 $14 Rb7+ 57. Kxc4 )Rxc5 $11 57. Kxc5 c3 58. Ng4+ {[%emt 0:0:3] Weighted Error Value: White=0.13 (very precise) /Black=0.11 (very precise)   Mistake:       	White=2     	Black=4      Inaccurate:     	White=3     	Black=1      OK:         	White=6     	Black=9      Best:        	White=3     	---} 1/2-1/2

[Event "FIDE Candidates 2026"]
[White "Giri,Anish"]
[Black "Esipenko,Andrey"]
[Site "Agios Georgios Pegeia"]
[Round "11.2"]
[Annotator "TA"]
[Result "1/2-1/2"]
[Date "2026.04.11"]
[WhiteElo "2753"]
[BlackElo "2698"]
[PlyCount "85"]
[TimeControl "60"]

1. d4 d5 2. c4 e6 3. Nc3 Be7 4. cxd5 exd5 5. Bf4 Nf6 6. e3 O-O 7. Nf3 c5 8. dxc5 Bxc5 9. Be2 Nc6 10. O-O Be6 11. Qa4 {[%emt 0:1:12] D37: Queen's Gambit Declined: 5 Bf4.} h6 12. Rfd1 $146 ({Predecessor:} 12. h3 Qe7 13. Rfd1 a6 14. Rac1 Rfc8 15. Qc2 Na5 16. Qb1 Nc4 17. Nd4 b5 18. Bf3 {1-0 Cadena Montoya,G (2051)-Mateus,M (2144) Pan American Continental 2010 (9)} )Qb6 13. Qb5 {[%emt 0:9:14] White is slightly better.} a6 14. Qxb6 Bxb6 15. Na4 Ba7 16. Bd6 Rfc8 17. Bc5 Bxc5 18. Nxc5 Ne5 19. Rac1 Ned7 20. Nd3 Kf8 21. Nd4 Ke7 22. f3 {[%emt 0:3:43] White is more active.} Ne8 23. Kf2 Nd6 24. g4 g5 {[%emt 0:13:25] [#]} 25. h4 $1 Nc4 (25... Rab8 26. hxg5 )26. Rh1 Nce5 27. Nxe5 Nxe5 28. Rcd1 Rh8 29. Kg3 Nc6 30. Nxe6 fxe6 31. f4 Rag8 32. fxg5 hxg5 33. hxg5 Ne5 34. Rxh8 Rxh8 $14 {[%emt 0:0:2][%mdl 4096] Endgame KRB-KRN. White is a pawn up.} 35. e4 dxe4 36. Rd4 Rg8 37. Rb4 b5 {[%emt 0:0:44] The position is equal.} 38. Rxe4 Rxg5 39. a4 Nf7 40. axb5 axb5 41. Rd4 Nd6 42. Kf2 Rc5 43. Ke3 {[%emt 0:0:21] Weighted Error Value: White=0.05 (flawless) /Black=0.03 (flawless)   Inaccurate:     	---       	Black=1      OK:         	White=7     	Black=9} 1/2-1/2

[Event "FIDE Candidates 2026"]
[White "Nakamura,Hikaru"]
[Black "Wei,Yi"]
[Site "Agios Georgios Pegeia"]
[Round "11.3"]
[Annotator "TA"]
[Result "1/2-1/2"]
[Date "2026.04.11"]
[WhiteElo "2810"]
[BlackElo "2754"]
[PlyCount "44"]
[TimeControl "60"]

1. Nf3 Nf6 2. c4 e6 3. g3 d5 4. Bg2 Be7 5. O-O O-O 6. d4 dxc4 7. Qc2 a6 8. a4 Bd7 9. Qxc4 Bc6 10. Bg5 Bd5 11. Qc2 Be4 12. Qc1 Nc6 $1 {[%emt 0:0:48][%cal Bb8c6,Bc6b4,Bb4d3][%mdl 4] now scores much better than the old 12...h6.} 13. e3 {[%emt 0:1:7] E05: Open Catalan: 5 Nf3 Be7.} h6 14. Bxf6 Bxf6 15. Nbd2 Bd3 {[%emt 0:0:43] A strong pair of Bishops.} 16. Rd1 Nb4 17. Qc3 a5 18. Nb3 $146 ({Predecessor:} 18. Nc4 Bxc4 19. Qxc4 c6 20. h4 Rc8 21. Rac1 Qe7 22. Nh2 h5 23. b3 b6 24. e4 {½-½ Chan,K (2274)-Eggleston,D (2345) Rilton Cup 52nd 2024 (4)} )Be4 {[%emt 0:2:31] The position is equal.} 19. Rdc1 Nd3 20. Rd1 Nb4 21. Rdc1 Nd3 22. Rd1 Nb4 {Weighted Error Value: White=0.11 (very precise) /Black=0.12 (very precise)   Inaccurate:     	White=3     	Black=1      OK:         	White=3     	Black=1      Best:        	---       	Black=1} 1/2-1/2

[Event "FIDE Candidates 2026"]
[White "Praggnanandhaa R"]
[Black "Bluebaum,Matthias"]
[Site "Agios Georgios Pegeia"]
[Round "11.4"]
[Annotator "TA"]
[Result "1/2-1/2"]
[Date "2026.04.11"]
[WhiteElo "2741"]
[BlackElo "2698"]
[PlyCount "83"]
[TimeControl "60"]

1. e4 e5 2. Nf3 Nf6 3. Nxe5 d6 4. Nd3 Nxe4 5. Nc3 Nf6 6. Nf4 {[%emt 0:0:8] C42: Petroff Defence: 3 Nxe5 and unusual White 3rd moves.} d5 7. d4 Be7 8. Qf3 $146 ({Predecessor:} 8. Be3 c6 9. Bd3 Na6 10. a3 Nc7 11. f3 c5 12. b3 b6 13. O-O O-O 14. Qd2 {½-½ Dzagnidze,N (2510)-Tan,Z (2513) Candidates (Women) 2019 (1)} )c6 9. Bd3 O-O 10. h3 Na6 11. Bxa6 bxa6 12. Nd3 a5 13. O-O Ba6 14. Re1 Re8 15. Bg5 Qb6 {[%emt 0:14:39] Prevents Nc5} 16. Ne5 $1 Rac8 {[%emt 0:7:41] [#]} (16... h6 $142 17. Na4 Qb5 18. Bxf6 Bxf6 )17. Re3 $1 $16 {[%emt 0:13:38] aiming for Rae1.} Qxd4 18. Rae1 (18. Qf5 $16 h6 19. Rd1 )h6 $11 19. Nd7 Nxd7 (19... hxg5 $11 20. Rxe7 Rxe7 21. Rxe7 a4 )20. Rxe7 $14 Rxe7 21. Rxe7 Ne5 22. Qe3 {[%emt 0:0:26] The board is on fire.} Qb4 23. Qxe5 hxg5 24. b3 (24. Qxg5 $6 Qxb2 25. Rxa7 Bc4 $17 (25... Qxc3 26. Qf5 $11 )(25... Qxc2 26. Qf4 $11 ))Rf8 25. Rc7 {[%emt 0:4:32][%mdl 1024] White has compensation.} Qb6 26. Na4 $40 {[%emt 0:2:19][%cal Bc3a4,Ba4b6,Bb6d7,Bd7e5][%mdl 160] White is up to no good.} Qb5 27. Kh2 {[%emt 0:1:51] Active counter play!} Qb4 28. c3 Qa3 29. Rxa7 ({Much weaker is} 29. Qxg5 Bb5 $11 )Bb5 30. Nb6 Qxa2 (30... Qc5 $11 31. Rb7 Ba6 )31. Qe3 $16 Qxb3 32. Nd7 Rc8 33. Ne5 Re8 $2 (33... d4 $14 34. Qxd4 c5 )34. Qf3 $2 d4 $1 $11 {[%emt 0:1:8] The position is equal.} 35. Nxf7 {[%emt 0:0:26] [#] Intending Qh5 and mate.} Rf8 $1 {[%emt 0:0:42] and ...Bc4 would now be decisive} 36. Nh6+ gxh6 37. Qe4 Bd3 $1 38. Qe5 Rf7 39. Ra8+ Rf8 40. Ra7 Rf7 {[%emt 0:0:0] Prevents Qg7+.} 41. Ra8+ Rf8 42. Ra7 {[%emt 0:0:4] Weighted Error Value: White=0.19 (very precise) /Black=0.26 (precise)   Loses game:     	---       	Black=1      Missed win:     	White=1     	---        Mistake:       	White=1     	Black=3      Inaccurate:     	White=3     	Black=2      OK:         	White=13    	Black=4      Best:        	---       	Black=3      Strong:       	White=2     	Black=3} 1/2-1/2

[Event "FIDE Candidates 2026"]
[White "Sindarov,Javokhir"]
[Black "Nakamura,Hikaru"]
[Site "Agios Georgios Pegeia"]
[Round "12.1"]
[Annotator "TA"]
[Result "1/2-1/2"]
[Date "2026.04.12"]
[WhiteElo "2745"]
[BlackElo "2810"]
[PlyCount "66"]
[TimeControl "60"]

1. d4 d5 2. c4 e6 3. Nf3 Nf6 4. Nc3 h6 5. g3 Be7 6. Bg2 {[%emt 0:0:7] D37: Queen's Gambit Declined: 5 Bf4.} O-O 7. O-O dxc4 8. Ne5 {[%emt 0:0:6] White is slightly better.} Nc6 9. Bxc6 bxc6 10. Nxc6 {[%emt 0:0:6] A dynamic duo of knights.} Qe8 11. Nxe7+ Qxe7 12. Qa4 {[%emt 0:0:4] White plays on the queen side and is better} a5 13. Qxc4 Ba6 14. Qc5 Qxc5 15. dxc5 Rfd8 $146 ({Predecessor:} 15... Nd5 16. Re1 Nxc3 17. bxc3 f6 18. f3 Kf7 19. Kf2 Rfd8 20. Be3 Bc4 21. a3 Rab8 {½-½ Firouzja,A (2757)-Liang,A (2684) Titled Tuesday intern op 04th Mar Late blitz 2025 (9)} )16. Re1 Nd5 17. Nxd5 Rxd5 18. Be3 a4 19. f3 f6 20. Kf2 c6 21. Red1 Bc4 22. Rd4 Rxd4 23. Bxd4 $14 {[%emt 0:0:4][%mdl 4096] Endgame KRB-KRB. White is a pawn up.} Rd8 24. Bc3 h5 25. Ke1 e5 26. Rd1 Rxd1+ {[%emt 0:0:4] The position is equal.} 27. Kxd1 Bxa2 $11 {[%emt 0:0:3] KB-KB} 28. e4 Bb3+ 29. Kd2 Bc4 30. Ba5 Bb3 31. Bc3 Bc4 32. Ba5 Bb3 33. Bc3 Bc4 {[%emt 0:0:2] Weighted Error Value: White=0.04 (flawless) /Black=0.04 (flawless)   Inaccurate:     	White=2     	Black=1      OK:         	White=9     	Black=9} 1/2-1/2

[Event "FIDE Candidates 2026"]
[White "Wei,Yi"]
[Black "Giri,Anish"]
[Site "Agios Georgios Pegeia"]
[Round "12.2"]
[Annotator "TA"]
[Result "1/2-1/2"]
[Date "2026.04.12"]
[WhiteElo "2754"]
[BlackElo "2753"]
[PlyCount "153"]
[TimeControl "60"]

1. e4 e5 2. Nc3 Nf6 3. Bc4 Bc5 4. d3 O-O 5. f4 {[%emt 0:0:34] [#]} exf4 (5... d5 $1 $17 6. Nxd5 Be6 )6. Bxf4 $11 {[%emt 0:0:18] C27: Vienna Game: 2...Nf6 3 Bc4 Nxe4.} c6 7. d4 Bb4 8. Nge2 Nxe4 9. O-O d5 {[%emt 0:0:48] [#]} 10. Nxe4 {[%emt 0:0:15][%cal Oc2c3] White sacrificed a pawn} dxc4 11. c3 Be7 12. N2g3 Na6 $146 ({Predecessor:} 12... Be6 13. Qf3 Qd5 14. Rae1 Nd7 15. Nh5 Qf5 16. Nhg3 Qd5 17. Nh5 Qf5 {½-½ Eberl,H (2321)-Douglas,S (2391) WS MN/045 email 2009} )13. Qe2 Nc7 14. Qxc4 Nd5 15. Bd2 a5 16. Nf5 Bxf5 17. Rxf5 g6 18. Rf3 f5 19. Nc5 b5 20. Qf1 Bxc5 21. dxc5 a4 22. c4 bxc4 23. Qxc4 Re8 24. Re3 {[%emt 0:10:43] Inhibits Re4.} Rxe3 25. Bxe3 Rb8 (25... Qe7 $15 26. Re1 Qe5 )26. Bh6 Qf6 27. Rd1 g5 28. Rxd5 cxd5 29. Qxd5+ $15 {[%emt 0:0:2][%mdl 4096] Endgame KQR-KQB} Qf7 30. Qd2 f4 31. c6 ({White should play} 31. h4 $15 )Qa7+ $19 32. Kh1 Qc5 ({Black should play} 32... Qe3 $19 33. Qd5+ Kh8 )33. c7 $17 Re8 34. h3 Qxc7 {[%emt 0:0:21] and ...Qe5 should not be overlooked} 35. Bxg5 f3 36. gxf3 Qc4 37. Kg1 {[%emt 0:1:40] Inhibits Qf1+.} Qxa2 38. Kf2 Qe6 {[%emt 0:0:0] Against Bf6} 39. h4 Rb8 40. Bf4 {[%emt 0:0:0] Against Qe5} Qb6+ 41. Kg3 Rd8 {[%emt 0:2:43] Inhibits Qd5+.} 42. Qe2 Qc6 {[%emt 0:4:52] Repels Qc4+} 43. h5 Kf7 (43... Rd5 $19 44. Qe4 Rc5 )44. Qe5 Qd5 (44... h6 $17 45. Qa5 Rg8+ 46. Kf2 Rf8 )45. Qc7+ $15 Rd7 46. Qc2 (46. Qc8 $15 )Qxh5 $17 47. Qc4+ Kf8 48. Qb4+ Kg8 49. Qc4+ Rf7 50. Qc8+ Rf8 51. Qc4+ Qf7 52. Qxa4 Qg6+ 53. Kh2 h6 54. Qb3+ (54. Qb4 $142 )Kh7 $19 55. Bg3 Rg8 56. Qb7+ (56. f4 $142 )Rg7 57. Qb8 {[%emt 0:1:34] Inhibits Qxg3+.} Qc2+ 58. Kh3 Qf5+ 59. Kg2 Qc2+ 60. Kh3 Qd1 61. Qf4 Qh1+ 62. Bh2 Qf1+ 63. Kh4 Qe1+ 64. Bg3 Qh1+ 65. Bh2 Qb1 66. Bg3 Re7 67. b4 Qh1+ 68. Bh2 Qe1+ 69. Bg3 Qb1 70. Kh3 Qf1+ 71. Kh4 Qb5 72. Kh3 Qd5 73. Kg2 Re2+ 74. Bf2 Re7 75. Bg3 $1 Qa2+ 76. Kh3 Qd5 {[%emt 0:0:6] Against Qf5+} 77. Kg2 $1 {[%emt 0:0:43] Weighted Error Value: White=0.16 (very precise) /Black=0.16 (very precise)   Mistake:       	White=4     	Black=4      Inaccurate:     	White=6     	Black=4      OK:         	White=3     	Black=3      Best:        	White=2     	---        Strong:       	White=2     	---} 1/2-1/2